 Dungeon Crawl Stone Soup version 0.31-a0-496-g6f97920a28 (webtiles) character file.

Game seed: 10061094906439653435

361 Newt the Poker (level 6, -1/51 HPs)
             Began as a Merfolk Gladiator on Aug 8, 2023.
             Killed from afar by an oklob plant (35 damage)
             ... with a splash of acid
             ... on level 4 of the Dungeon.
             The game lasted 00:03:54 (3681 turns).

Newt the Poker (Merfolk Gladiator)                  Turns: 3681, Time: 00:03:56

Health: -1/51      AC:  6    Str: 16    XL:     6   Next: 66%
Magic:  6/6        EV: 13    Int:  8    God:
Gold:   180        SH:  0    Dex: 15    Spells: 5/5 levels left

rFire   . . .        a - +2 trident
rCold   . . .        (no shield)
rNeg    . . .        b - +0 leather armour
rPois   .            c - +1 helmet
rElec   .            (no cloak)
rCorr   .            n - +0 pair of gloves
SInv    .            (no boots)
Will    .....        (no amulet)
Stlth   +            (no ring)
HPRegen 0.28/turn    (no ring)
MPRegen 0.10/turn

%: no passive effects
@: no status effects
A: (nimble swimmer 2), mertail
a: no special abilities


You were on level 4 of the Dungeon.
You visited 1 branch of the dungeon, and saw 4 of its levels.

You collected 180 gold pieces.

Inventory:

Hand Weapons
 a - a +2 trident (weapon)
Missiles
 d - 4 throwing nets (quivered)
 e - 2 javelins
Armour
 b - a +0 leather armour (worn)
 c - a +1 helmet (worn)
 n - a +0 pair of gloves (worn)
Wands
 k - a wand of iceblast (2)
 r - a wand of flame (11)
Scrolls
 j - 2 scrolls of blinking
 o - a scroll of vulnerability
 p - a scroll of immolation
 q - a scroll of identify
 s - a scroll of fog {unknown}
Potions
 f - 2 potions of heal wounds
 g - a potion of cancellation
 h - 5 potions of curing
 i - a potion of mutation
 l - a potion of brilliance
 m - a potion of lignification {unknown}


   Skills:
 - Level 5.0 Fighting
 - Level 7.2 Polearms
 - Level 2.0 Throwing
 + Level 5.0 Dodging


You had 5 spell levels left.
You didn't know any spells.
Your spell library contained the following spells:

 Spells                   Type           Power      Damage    Failure   Level
 Blink                    Tloc           0%         N/A       63%         2
 Lesser Beckoning         Tloc           0%         N/A       63%         2
 Momentum Strike          Conj/Tloc      0%         3d8       63%         2


Dungeon Overview and Level Annotations

Branches:
Dungeon (4/15)
 Temple: D:4-7

Altars:
Cheibriados
Fedhas
Okawaru
Qazlal
Trog

Shops:
D:4 (

Annotations:
D:4 exclusion: oklob plant


Innate Abilities, Weirdness & Mutations

((You are very nimble when in or above water. (Stealth+, EV+, Speed+++)))
Your lower body shifts to a powerful aquatic tail in water.


Message History

You start resting.
You start resting.
HP restored.
Aiming: Iceblast
Press: ? - help, Shift-Dir - straight line, f/p - oklob plant
Aim: an oklob plant The mass of ice explodes!
The iceblast engulfs the oklob plant!
The oklob plant is lightly damaged.
The iceblast engulfs the fungus!
The fungus begins to die.
The fungus is lightly damaged.
The iceblast engulfs the fungus!
The fungus begins to die.
The fungus is lightly damaged.
Unknown command.
Unknown command.
Aiming: Throw Flame
Press: ? - help, Shift-Dir - straight line, f/p - oklob plant
Aim: an oklob plant (lightly damaged, 100% to hit)
The puff of flame hits the oklob plant.
The oklob plant is lightly damaged.
Unknown command.
Aiming: Throw Flame
Press: ? - help, Shift-Dir - straight line, f/p - oklob plant
Aim: an oklob plant (lightly damaged, 100% to hit)
The puff of flame hits the oklob plant!
The oklob plant is moderately damaged.
Unknown command.
You reach to attack!
You hit the oklob plant but do no damage.
The oklob plant is moderately damaged.
A nearby fungus withers and dies.
The oklob plant spits acid at you. The splash of acid hits you!
You reach to attack!
You hit the oklob plant but do no damage.
The oklob plant is moderately damaged.
A nearby fungus withers and dies.
The oklob plant spits acid at you. The splash of acid hits you!!
Ouch! That really hurt!
You die...

#♣P#P......_.~≈≈~....
#PPPP.~~~~...~≈≈~.###
#PP.P.~≈≈≈~~≈≈≈≈~.#P#
#P♣PP..~~≈≈≈≈≈~~..PP#
##PPP...~≈≈≈≈~~..P♣P#
#P..PP#..≈~~~~..♣.#P#
##P.PP.♣.......P.♣P♣#


#...P.PPPP♣.♣PPPP#PP# #.P.@PPPPPPP♣P.♣♣♣P♣# #♣#..♣#PPPPPPPP♣ ♣P# P..PPP#PPPPPPP.
## ################# ###.# #.....# ##.#.# ##...## ##.#..### ##'## ##.###...# #.#
#.## ##..# #.# You could see an oklob plant.

Vanquished Creatures
  A hound (D:4)
  An orc priest (D:4)
  A jelly (D:4)
  An iguana (D:4)
  8 adders
  10 gnolls
  7 orcs
  A bat (D:1)
  5 endoplasms
  2 giant cockroaches (D:1)
  13 goblins
  9 hobgoblins
  4 kobolds
  2 quokkas
  3 training dummies (D:4)
  3 ball pythons
  7 frilled lizards
  5 rats
83 creatures vanquished.

Notes
Turn   | Place    | Note
-------+----------+-------------------------------------------
     0 | D:1      | Newt the Merfolk Gladiator began the quest for the Orb.
     0 | D:1      | Reached XP level 1. HP: 16/16 MP: 1/1
    14 | D:1      | Found a faded altar of an unknown god.
   121 | D:1      | Reached XP level 2. HP: 24/24 MP: 2/2
   560 | D:1      | Reached XP level 3. HP: 18/30 MP: 3/3
   831 | D:2      | Reached XP level 4. HP: 33/38 MP: 4/4
   855 | D:2      | Reached skill level 5 in Fighting
  1498 | D:3      | Found a snail-covered altar of Cheibriados.
  1568 | D:3      | Reached skill level 5 in Polearms
  1568 | D:3      | Reached XP level 5. HP: 42/44 MP: 5/5
  1639 | D:3      | Found an iron altar of Okawaru.
  1806 | D:3      | Reached skill level 6 in Polearms
  2066 | D:3      | Found a stormy altar of Qazlal.
  2328 | D:4      | Reached XP level 6. HP: 51/51 MP: 6/6
  2382 | D:4      | Found Kurer's Firing Range.
  2394 | D:4      | Reached skill level 7 in Polearms
  2441 | D:4      | Found a bloodstained altar of Trog.
  2831 | D:4      | Found a blossoming altar of Fedhas.
  3091 | D:4      | Reached skill level 5 in Dodging
  3193 | D:4      | Noticed an oklob plant
  3681 | D:4      | Killed from afar by an oklob plant

Illustrated notes

Levels and vault maps discovered:
D:1:      minmay_arrival_plants_in_alcoves, layout_rooms,
          dreamdust_ecumenical_altar_grove, serial_curves, eino_curves_03,
          eino_curves_03
D:2:      layout_rooms, ebering_dispersal_statue_hall
D:3:      layout_basic, mainiacjoe_overflow_small_starburst,
          mainiacjoe_overflow_swirl
D:4:      nicolae_BIG_FREAKIN_CUBE, layout_loops_corners, tgw_fedhas,
          bloody_trog, nicolae_shop_firing_range

Skill      XL: |  1  2  3  4  5  6 |
---------------+-------------------+-----
Fighting       | 3 4 5 |  5.0
Polearms       | 5 6 7 |  7.2
Dodging        | 5 |  5.0
Throwing       | |  2.0

Action                     |  1- 3 |  4- 6 || total
---------------------------+-------+-------++-------
  Melee: Trident           |   110 |   171 ||   281
         Punch             |       |     1 ||     1
  Throw: Throwing net      |     3 |       ||     3
  Evoke: Wand              |       |     3 ||     3
    Use: Scroll            |     2 |    12 ||    14
         Potion            |     1 |       ||     1
   Stab: Held in net/web   |     1 |       ||     1
         Sleeping          |       |     2 ||     2
 Armour: Leather armour    |    32 |    32 ||    64
  Dodge: Dodged            |    80 |    92 ||   172

Table legend: (Time is in decaauts)
 A = Elapsed time spent in this place.
 B = Non-inter-level travel time spent in this place.
 C = Inter-level travel time spent in this place.
 D = Time resting spent in this place.
 E = Time spent auto-exploring this place.
 F = Levels seen in this place.
 G = Mean time per level.
                   A        B        C        D        E       F      G
               +--------+--------+--------+--------+--------+-----+--------+
         Total |   3680 |   3608 |     72 |   1145 |   1862 |   4 |  920.0 |
       Dungeon |   3680 |   3608 |     72 |   1145 |   1862 |   4 |  920.0 |
               +--------+--------+--------+--------+--------+-----+--------+

Top non-repeatable levels by time:
     D:4: 1573 daAuts
     D:1: 781 daAuts
     D:3: 742 daAuts
     D:2: 582 daAuts
